 Dungeon Sprint DCSS version 0.31.0-12-g77e489cdc1 (webtiles) character file.

Game seed: 4023628720046247921

76 fozzywoppz the Digger (level 4, -1/24 HPs)
             Began as a Gargoyle Earth Elementalist on Feb 20, 2024.
             Slain by a water elemental (10 damage)
             ... in the Dungeon (Sprint III: "The Ten Rune Challenge").
             The game lasted 00:02:20 (258 turns).

fozzywoppz the Digger (Gargoyle Earth Elementalist)  Turns: 258, Time: 00:02:20

Health: -1/24      AC:  6    Str: 12    XL:     4   Next: 32%
Magic:  8/9        EV: 12    Int: 15    God:
Gold:   33         SH:  0    Dex: 12    Spells: 3/10 levels left

rFire   . . .        (no weapon)
rCold   . . .        (no shield)
rNeg    + . .        a - +0 robe
rPois   ∞            (no helmet)
rElec   +            d - +0 cloak
rCorr   .            (no gloves)
SInv    .            (no boots)
Will    .....        (no amulet)
Stlth   +++          (no ring)
HPRegen 0.24/turn    (no ring)
MPRegen 0.11/turn

%: no teleportation
@: no status effects
A: sickness immunity, AC +3, negative energy resistance 1, electricity
resistance, torment resistance 1, petrification resistance
a: no special abilities


You were in the Dungeon.
You visited 1 branch You collected 33 gold pieces.

Inventory:

Hand Weapons
 h - a +0 dagger
Armour
 a - a +0 robe (worn)
 d - a +0 cloak (worn)
Scrolls
 g - a scroll of blinking
 j - 2 scrolls of poison {unknown}
 k - 4 scrolls of identify
Potions
 b - 3 potions of magic
 c - a potion of curing
 e - 2 potions of haste
 f - 2 potions of berserk rage
 i - 3 potions of mutation {unknown}
 l - a potion of enlightenment {unknown}


   Skills:
 + Level 3.3 Dodging
 + Level 4.7 Stealth
 + Level 3.8 Spellcasting
 + Level 3.9 Conjurations
 + Level 5.6 Earth Magic


You had 3 spell levels left.
You knew the following spells:

 Your Spells              Type           Power      Damage    Failure   Level
a - Sandblast             Erth           38%        2d10      1%          1
b - Stone Arrow           Conj/Erth      34%        3d9       8%          3
c - Passwall              Erth           19%        N/A       5%          3

Your spell library contained the following spells:

 Spells                   Type           Power      Damage    Failure   Level
 Brom's Barrelling Bould  Conj/Erth      17%        2d4       26%         4
 Petrify                  Alch/Erth      11%        N/A       50%         4


Dungeon Overview and Level Annotations

Branches:
Dungeon (1/1)

Altars:


Innate Abilities, Weirdness & Mutations

You are immune to sickness and miasma.
Your stone body is resilient. (AC +3)
You are immune to poison.
You resist negative energy. (rN+)
You are resistant to electric shocks. (rElec)
You are resistant to unholy torment.
You are immune to petrification.


Message History

Things that are here:
a +2 quarterstaff of chaos; a +0 cloak
d - a +0 cloak Your magical contamination has completely faded away.
You open the door.
Found 15 gold pieces and a lumpy black potion.
Found 4 gold pieces and a lumpy black potion.
There is an open door here.
You now have 29 gold pieces (gained 15).
i - a lumpy black potion;
j - a scroll labelled KIMIDUDDAQ
k - 2 scrolls of identify;
i - 2 lumpy black potions (gained 1)
f - 2 potions of berserk rage (gained 1)
i - 3 lumpy black potions (gained 1)
j - 2 scrolls labelled KIMIDUDDAQ (gained 1)
k - 4 scrolls of identify (gained 2);
e - 2 potions of haste (gained 1)
l - a fuming inky potion You now have 33 gold pieces (gained 4).
There is an open door here.
Okay, then.
You start putting on your armour.
You continue putting on your +0 cloak. x4
You finish putting on your +0 cloak.
You start resting.
Magic restored.
Okay, then.
You open the door.
A water elemental comes into view.
There is an open door to the Ecumenical Temple here.
Casting: Sandblast (safe; 1% risk of failure)
Confirm with . or Enter, or press ? or * to list all spells.
Aiming: Sandblast (safe; 1% risk of failure)
Press: ? - help, Shift-Dir - straight line, f - water elemental
Aim: a water elemental (89% to hit)
The blast of sand hits the water elemental but does no damage.
The water elemental barely misses you. The water elemental hits you!
Ouch! That really hurt!
The water elemental engulfs you in water!
The water engulfing you falls away.
The water elemental attacks as it pursues you!
The water elemental hits you!
You die...

▓▓▓▓▓▓▓▓▓▓ ▓▓▓
<.#..'...♣♣♣♣ ♣.#
..#..#......♣ ♣.#
#'####....♣♣♣ ♣.#
.....#....~.♣ ♣.###+#+##
.....#)..~~.♣♣♣♣.#.......
.....#..~~~~...♣.E.⌠.....
####'#..~≈≈~~~♣.@#...####
...[.#.~~≈~~~....#.⌠.#
.....#.~≈~~~.....#...#
.....#.~~~.......#+###
'#####...........#
.................#
▓▓▓▓▓▓▓▓▓▓▓▓▓▓▓▓▓▓


You could see a water elemental.

Vanquished Creatures
  Crazy Yiuf (D)
  Jessica (D)
  A human (D)
  An endoplasm (D)
  2 rats (D)
6 creatures vanquished.

Notes
Turn   | Place    | Note
-------+----------+-------------------------------------------
     0 | D        | fozzywoppz the Gargoyle Earth Elementalist began the quest
                  | for the Orb.
     0 | D        | Reached XP level 1. HP: 10/10 MP: 3/3
    27 | D        | Noticed Jessica
    29 | D        | Killed Jessica
    30 | D        | Reached skill level 4 in Earth Magic
    30 | D        | Reached XP level 2. HP: 15/15 MP: 3/6
    30 | D        | Reached XP level 3. HP: 19/19 MP: 3/7
   125 | D        | Reached skill level 5 in Earth Magic
   159 | D        | Learned a level 3 spell: Stone Arrow
   163 | D        | Learned a level 3 spell: Passwall
   165 | D        | Noticed Crazy Yiuf
   201 | D        | Killed Crazy Yiuf
   202 | D        | Reached XP level 4. HP: 24/24 MP: 3/9
   256 | D        | Noticed a water elemental
   258 | D        | Slain by a water elemental

Illustrated notes

Levels and vault maps discovered:
D:        dungeon_sprint_mu [sprint_mu_entry_forest, sprint_mu_temple_rooms,
          sprint_mu_d1_horrors, sprint_mu_d2_genie, sprint_mu_d3_branching,
          sprint_mu_orc_legion, sprint_mu_elf_gauntlet, sprint_mu_hive_nellie,
          sprint_mu_lair_fedhas, sprint_mu_vaults_butterflies,
          sprint_mu_slime_circle, sprint_mu_shoals_archi,
          sprint_mu_snake_twists, sprint_mu_blade_basic,
          sprint_mu_crypt_fortress, sprint_mu_tomb_spiral,
          sprint_mu_vestibule_basic, sprint_mu_gehenna_hellfire,
          sprint_mu_dis_giant, sprint_mu_tartarus_statrot,
          sprint_mu_cocytus_islands, sprint_mu_zot1]

Skill      XL: |  1  2  3 |
---------------+----------+-----
Dodging        | 2 3 |  3.3
Stealth        | 3 4 |  4.7
Spellcasting   | 3 |  3.8
Conjurations   | 3 |  3.9
Earth Magic    | 4 5 |  5.6

Action                     |  1- 3 |  4- 6 || total
---------------------------+-------+-------++-------
  Melee: Unarmed           |     5 |       ||     5
   Cast: Sandblast         |    16 |     1 ||    17
    Use: Potion            |     1 |       ||     1
 Armour: Robe              |     9 |     2 ||    11
  Dodge: Dodged            |    14 |     1 ||    15
